 Dungeon Crawl Stone Soup version 0.31.0-32-g396128a36d (webtiles) character file.

Game seed: 661720759141928040

178 James the Vexing (level 5, -4/41 HPs)
             Began as a Gnoll Hexslinger on Mar 22, 2024.
             Slain by an orc warrior
             ... wielding a +0 halberd
              (20 damage)
             ... on level 3 of the Dungeon.
             The game lasted 00:02:41 (1276 turns).

James the Vexing (Gnoll Hexslinger)                 Turns: 1276, Time: 00:02:41

Health: -4/41      AC:  2    Str:  8    XL:     5   Next: 58%
Magic:  9/9        EV: 14    Int: 14    God:
Gold:   58         SH:  5    Dex: 14    Spells: 5/10 levels left

rFire   . . .        b - +0 short sword (venom)
rCold   . . .        (no shield)
rNeg    . . .        c - +0 robe
rPois   .            (no helmet)
rElec   .            (no cloak)
rCorr   .            (no gloves)
SInv    .            (no boots)
Will    .....        d - amulet of reflection
Stlth   ++           (no ring)
HPRegen 0.26/turn    (no ring)
MPRegen 0.11/turn

%: reflection
@: no status effects
A: fangs 1, strong nose, distributed training
a: no special abilities


You were on level 3 of the Dungeon.
You visited 1 branch of the dungeon, and saw 4 of its levels.

You collected 58 gold pieces.

Inventory:

Hand Weapons
 a - a +1 sling
 b - a +0 short sword of venom (weapon)
   (You took it off a kobold on level 1 of the Dungeon)
 i - a +0 short sword
   (You took it off a kobold on level 1 of the Dungeon)
 j - a +1 dagger of speed
   (You took it off a goblin on level 1 of the Dungeon)
Armour
 c - a +0 robe (worn)
Jewellery
 d - an amulet of reflection (around neck)
   (You found it on level 1 of the Dungeon)
Scrolls
 e - 2 scrolls of poison {!r}
 f - a scroll of noise {unknown}
 h - a scroll of identify {unknown}
 k - a scroll of butterflies {unknown}
Potions
 g - a potion of curing {@q1}
 l - a potion of attraction {unknown}


   Skills:
 + Level 3.0 Fighting
 + Level 1.6 Short Blades
 + Level 1.6 Long Blades
 + Level 1.6 Axes
 + Level 1.6 Maces & Flails
 + Level 1.6 Polearms
 + Level 1.6 Staves
 + Level 4.8 Ranged Weapons
 + Level 1.6 Throwing
 + Level 1.6 Armour
 + Level 4.8 Dodging
 + Level 1.6 Stealth
 + Level 1.6 Shields
 + Level 1.6 Unarmed Combat
 + Level 3.2 Spellcasting
 + Level 1.3 Conjurations
 + Level 5.6 Hexes
 + Level 1.3 Summonings
 + Level 1.3 Necromancy
 + Level 1.3 Translocations
 + Level 2.4 Fire Magic
 + Level 1.3 Ice Magic
 + Level 1.3 Air Magic
 + Level 1.3 Earth Magic
 + Level 1.3 Alchemy
 + Level 1.8 Invocations
 + Level 1.6 Evocations
 + Level 1.4 Shapeshifting


You had 5 spell levels left.
You knew the following spells:

 Your Spells              Type           Power      Damage    Failure   Level
a - Jinxbite              Hex            34%        N/A       3%          2
b - Sigil of Binding      Hex            17%        N/A       6%          3

Your spell library contained the following spells:

 Spells                   Type           Power      Damage    Failure   Level
 Inner Flame              Hex/Fire       13%        N/A       12%         3
 Cause Fear               Hex            8%         N/A       22%         4
 Dimensional Bullseye     Hex/Tloc       5%         N/A       45%         4


Dungeon Overview and Level Annotations

Branches:
Dungeon (4/15)
 Temple: D:4-7

Altars:


Innate Abilities, Weirdness & Mutations

You have very sharp teeth.
Your uncanny sense of smell can sniff out nearby items.
Your experience applies equally to all skills.


Message History

Your Fighting skill increases to level 3!
You have reached level 5!
Things that are here:
a +0 giant club; an ogre corpse Your +0 short sword of venom stops dripping with poison.
a - a +1 sling (weapon)
You start resting.
An orc comes into view. It is wielding a +0 club.
Found a stone staircase leading up.
An orc warrior comes into view. It is wielding a +0 halberd.
An orc comes into view. It is wielding a +0 club.
The orc warrior shouts!
The orc moves out of view.
You shoot a sling bullet.
The sling bullet closely misses the orc.
The sling bullet hits the orc warrior but does no damage.
An orc comes into view. It is wielding a +0 dagger.
You block the orc's attack. The orc barely misses you.
The orc warrior misses you. The orc closely misses you.
The orc warrior misses you.
There is a stone staircase leading up here.
The orc shouts!
You block the orc's attack. The orc warrior closely misses you.
You climb upwards.
There is a stone staircase leading down here.
Your +0 short sword of venom begins to drip with poison!
b - a +0 short sword of venom (weapon)
You hit the orc but do no damage.
The orc is poisoned.
The orc warrior barely misses you. The orc barely misses you.
You hit the orc.
The orc looks as sick as possible!
You kill the orc!
The orc warrior closely misses you.
The orc warrior hits you from afar with a +0 halberd!
Things that are here:
a +0 club; an orc corpse The orc warrior attacks as it pursues you!
You block the orc warrior's attack.
The orc warrior attacks as it pursues you!
The orc warrior hits you from afar with a +0 halberd.
The orc warrior attacks as it pursues you!
The orc warrior hits you from afar with a +0 halberd!
* * * LOW HITPOINT WARNING * * *
The orc warrior attacks as it pursues you!
You block the orc warrior's attack.
The orc warrior attacks as it pursues you!
The orc warrior hits you from afar with a +0 halberd.
* * * LOW HITPOINT WARNING * * *
The orc warrior attacks as it pursues you!
The orc warrior hits you from afar with a +0 halberd!!
You die...

....######.#
. #.#
#####.#
#.....#
#.##### #.#
#o# #.# #@#
#.# #.# #.#
#.# #.# #..
###


You could see an orc warrior.

Vanquished Creatures
  An ogre (D:4)
  A scorpion (D:4)
  An orc (D:3)
  3 ball pythons
  2 endoplasms (D:1)
  3 goblins (D:1)
  3 hobgoblins
  3 jackals (D:1)
  2 quokkas
  4 bats (D:1)
  A frilled lizard (D:1)
  5 kobolds
  2 rats (D:1)
31 creatures vanquished.

Notes
Turn   | Place    | Note
-------+----------+-------------------------------------------
     0 | D:1      | James the Gnoll Hexslinger began the quest for the Orb.
     0 | D:1      | Reached XP level 1. HP: 17/17 MP: 4/4
   230 | D:1      | Reached XP level 2. HP: 20/23 MP: 5/5
   560 | D:1      | Reached XP level 3. HP: 27/28 MP: 7/7
   564 | D:1      | Learned a level 2 spell: Jinxbite
   568 | D:1      | Learned a level 3 spell: Sigil of Binding
   990 | D:2      | You fall into a shaft and drop 2 floors!
  1040 | D:4      | Noticed a scorpion
  1047 | D:4      | Killed a scorpion
  1048 | D:4      | Reached skill level 1 in Short Blades
  1048 | D:4      | Reached skill level 1 in Long Blades
  1048 | D:4      | Reached skill level 1 in Axes
  1048 | D:4      | Reached skill level 1 in Maces & Flails
  1048 | D:4      | Reached skill level 1 in Polearms
  1048 | D:4      | Reached skill level 1 in Staves
  1048 | D:4      | Reached skill level 1 in Throwing
  1048 | D:4      | Reached skill level 1 in Armour
  1048 | D:4      | Reached skill level 1 in Stealth
  1048 | D:4      | Reached skill level 1 in Shields
  1048 | D:4      | Reached skill level 1 in Unarmed Combat
  1048 | D:4      | Reached skill level 1 in Conjurations
  1048 | D:4      | Reached skill level 1 in Summonings
  1048 | D:4      | Reached skill level 1 in Necromancy
  1048 | D:4      | Reached skill level 1 in Translocations
  1048 | D:4      | Reached skill level 1 in Ice Magic
  1048 | D:4      | Reached skill level 1 in Air Magic
  1048 | D:4      | Reached skill level 1 in Earth Magic
  1048 | D:4      | Reached skill level 1 in Alchemy
  1048 | D:4      | Reached skill level 1 in Invocations
  1048 | D:4      | Reached skill level 1 in Evocations
  1048 | D:4      | Reached skill level 1 in Shapeshifting
  1048 | D:4      | Reached XP level 4. HP: 12/34 MP: 8/8
  1202 | D:4      | Noticed an ogre
  1219 | D:4      | Killed an ogre
  1220 | D:4      | Reached XP level 5. HP: 37/41 MP: 9/9
  1253 | D:4      | Noticed an orc warrior
  1276 | D:3      | Slain by an orc warrior

Illustrated notes

Levels and vault maps discovered:
D:1:      wheals_arrival_shading, layout_loops_ring, minmay_door_square,
          minmay_misc_feat_four_crosses, corexii_corridor_pit,
          nicolae_figureground_pulse
D:2:      layout_loops_corners
D:3:      layout_basic
D:4:      layout_rooms, grunt_temple_overflow_order_and_chaos_2,
          gammafunk_ghost_abyssal_escape, serial_co_window_serial,
          co_window_paths_a, co_window_corner_a, co_window_corner_a,
          co_window_corner_a, co_window_of_opportunity_a,
          co_window_unsneaky_path_b, co_window_broadway_a, co_window_broadway_a,
          co_window_cross_4, co_window_unsneaky_path_a

Skill      XL: |  1  2  3  4 |
---------------+-------------+-----
Fire Magic     | 2 |  2.4
Short Blades   | 1 |  1.6
Long Blades    | 1 |  1.6
Axes           | 1 |  1.6
Maces & Flails | 1 |  1.6
Polearms       | 1 |  1.6
Staves         | 1 |  1.6
Throwing       | 1 |  1.6
Armour         | 1 |  1.6
Stealth        | 1 |  1.6
Shields        | 1 |  1.6
Unarmed Combat | 1 |  1.6
Spellcasting   | 3 |  3.2
Conjurations   | 1 |  1.3
Summonings     | 1 |  1.3
Necromancy     | 1 |  1.3
Translocations | 1 |  1.3
Ice Magic      | 1 |  1.3
Air Magic      | 1 |  1.3
Earth Magic    | 1 |  1.3
Alchemy        | 1 |  1.3
Invocations    | 1 |  1.8
Evocations     | 1 |  1.6
Shapeshifting  | 1 |  1.4
Fighting       | 3 |  3.0
Ranged Weapons | |  4.8
Dodging        | |  4.8
Hexes          | |  5.6

Action                     |  1- 3 |  4- 6 || total
---------------------------+-------+-------++-------
  Melee: Short sword       |     5 |    12 ||    17
         Bite              |       |     2 ||     2
   Fire: Sling             |    98 |     1 ||    99
    Use: Potion            |     1 |       ||     1
 Armour: Robe              |    24 |     6 ||    30
  Dodge: Dodged            |    55 |    13 ||    68
  Block: Other             |    24 |     4 ||    28
         Reflection        |     2 |       ||     2
